 Dungeon Crawl Stone Soup version 0.29.0-4-gdea44cf6ec (webtiles) character file.

Game seed: 13767692696212107799

122509 qw the Tortoise (level 16, -24/155 HPs)
             Began as a Minotaur Fighter on Sept 4, 2022.
             Killed from afar by a merfolk aquamancer (50 damage)
             ... with a shard of ice
             ... on level 2 of the Shoals.
             The game lasted 00:12:02 (25635 turns).

qw the Tortoise (Minotaur Fighter)                 Turns: 25635, Time: 00:12:03

Health: -24/155    AC: 51    Str: 33    XL:     16   Next: 34%
Magic:  0/13       EV: 13    Int:  3    God:
Gold:   1065       SH:  6    Dex: 11    Spells: 15/15 levels left

rFire   . . .      SeeInvis +   b - +14 obsidian axe {vorpal, Mesm Drain Fly SInv}
rCold   . . .      Faith    .   c - +0 buckler
rNeg    . . .      Spirit   +   k - +7 crystal plate armour "Jaocheix" {Str+5}
rPois   +          Reflect  .   g - +1 hat
rElec   .          Harm     .   x - +1 cloak {rPois}
rCorr   .          Rampage  .   q - +2 pair of gloves
Will    +....                   z - +0 pair of boots
Stlth   ..........              f - amulet of guardian spirit
HPRegen 0.35/turn               u - +4 ring of protection
MPRegen 0.13/turn               w - +4 ring of evasion

@: lit by a corona, about to teleport, flying, mesmerised, glowing
A: horns 2, retaliatory headbutt, iridescent scales 2, dopey 1, low MP 1
a: no special abilities


You were on level 2 of the Shoals.
You visited 4 branches of the dungeon, and saw 24 of its levels.
You also visited: Gauntlet.

You collected 2648 gold pieces.
You spent 1583 gold pieces at shops.


Innate Abilities, Weirdness & Mutations

You have a pair of horns on your head.
You reflexively headbutt those who attack you in melee.
You are mostly covered in iridescent scales. (AC +4)
You are dopey. (Int -2)
Your magical capacity is low. (-10% MP)


   Skills:
 - Level 17.2 Fighting
 - Level 18.0 Axes
 + Level 9.4 Throwing
 - Level 20.0 Armour
 - Level 7.0 Dodging
 - Level 10.7 Shields


You had 15 spell levels left.
You didn't know any spells.
Your spell library was empty.

Inventory:

Hand Weapons
 b - the +14 obsidian axe (weapon) {vorpal, Mesm Drain Fly SInv}
   (You acquired it on level 10 of the Dungeon)

   It inflicts extra damage upon your enemies.
   It occasionally summons demons to assist the wielder when it strikes in
   combat.
   Its wielder is mesmerised by any visible foes.
   It cannot be unequipped while any foes are visible.
   SInv:      It lets you see invisible.
   Fly:       It grants you flight.
   Drain:     It drains your maximum health when unequipped.
 o - a +0 morningstar of venom
Missiles
 l - 15 boomerangs
 C - 5 silver javelins (quivered)
Armour
 c - a +0 buckler (worn)
 g - a +1 hat (worn)
 k - the +7 crystal plate armour "Jaocheix" (worn) {Str+5}
   (You acquired it on level 9 of the Dungeon)

   Str:       It affects your strength (+5).
 q - a +2 pair of gloves (worn)
 x - a +1 cloak of poison resistance (worn)
 z - a +0 pair of boots (worn)
Jewellery
 f - an amulet of guardian spirit (around neck)
 r - a ring of fire
 t - an amulet of the acrobat
 u - a +4 ring of protection (left hand)
 v - a ring of protection from fire
 w - a +4 ring of evasion (right hand)
 A - a ring of poison resistance
Scrolls
 a - 15 scrolls of teleportation
 m - 10 scrolls of identify
 y - 2 scrolls of brand weapon
 B - 2 scrolls of enchant weapon
Potions
 d - 3 potions of might
 e - a potion of cancellation
 h - 3 potions of haste
 i - 6 potions of heal wounds
 j - 4 potions of mutation
 n - 12 potions of curing
 p - 2 potions of resistance

Dungeon Overview and Level Annotations

Branches:
Dungeon (15/15)            Temple (0/1) D:7            Lair (5/5) D:9
 Shoals (2/4) Lair:3        Snake (0/4) Lair:2        Slime (0/5) Lair:4
    Orc (2/2) D:12            Elf (0/3) Orc:2        Vaults (0/5) D:13
 Depths (0/4) D:15        Gauntlet (visited)

Altars:
Cheibriados
Elyvilon
Gozag
Wu Jian

Shops:
D:3 (   D:4 :   D:10 [(!(   D:15 (   Orc:1 !   Orc:2 *?*?

Portals:
Trove: D:11 (lose all piety)

Annotations:
D:10 3 runed translucent doors, qw's ghost, journeyman TrCA
Lair:3 2 transporters
Shoals:1 3 runed translucent doors, Bityczex's ghost, adept DEFE; Zipteul's ghost, adept NaBe; qw's ghost, adept TrCA


Message History

The merfolk aquamancer gestures at you while chanting.
The shard of ice hits you.
Your ice devil hits the merfolk aquamancer.
Your ice devil freezes the merfolk aquamancer!!
The merfolk aquamancer points at you and mumbles some strange words.
The torrent of water hits your ice devil!!
Your ice devil is knocked back by the torrent of water.
Your ice devil collides with you!
Your ice devil is almost dead.
The wave splashes down.
You hear a shout!
You closely miss the merfolk aquamancer.
Your headbutt misses the merfolk aquamancer.
The merfolk aquamancer is almost dead.
The water nymph gestures at you while chanting.
The water rises up and strikes you. The merfolk aquamancer misses you.
You open the merfolk aquamancer like a pillowcase!!!
You are no longer entranced.
You kill the merfolk aquamancer!
You hear a splash. x2
You slash the water nymph!
Visions of slaying the water nymph flood into your mind.
The merfolk aquamancer gestures at you while chanting.
The torrent of water hits your ice devil!
Your ice devil dies!
Your ice devil disappears in a puff of smoke!
The wave splashes down.
The water nymph touches you. The water nymph drowns you!
You slice the water nymph like a ripe choko!!!
You break out of your daze!
You kill the water nymph!
Visions of slaying the water nymph flood into your mind.
The water nymph points at you and mumbles some strange words.
The water rises up and strikes you!
You see here a water nymph corpse.
25635 ||| READING 16 scrolls of teleportation.
As you read the scroll of teleportation, it crumbles to dust.
You feel strangely unstable.
The merfolk aquamancer gestures at you while chanting.
The shard of ice hits you!!!
You die...

~~~~~~~~~~~~~~~~~~~~~~~
~~~~~~~~~~~~~~~~~~~~~~~~
~~~~~~~~~~~~~~~~~~~~~~~~
~~~~~~~~~~~~~~~~~~~~~~~~
~~~~~~~~~~~~~~~~~~~~~~~~
~~~~~~~~~~~~~~~~~~~~~~~~
~~~~~~~~~~~~~~~~)~~~~~~~
~~~~~~~~~~~~~~~%)~~~~~~~
~~~~~~~~~~~~~~~~@~.~~~~~
~~~~~~~~~~~~~~~.......~~
~~~~~~~~~~~~~~...m......
~~~~~~~~~~~~~...m~.....~
~~~~~~~~~~~~.....~.....~
~~~~~~~~~......~~~~...~~
~~~~~~~..........~~~~~~~
~~~~~~...........~~~~~~~
~~~~~~....


You could see a merfolk aquamancer and a water nymph (mesmerising).

Vanquished Creatures
  Nikola (Shoals:1)
  Gastronok (D:8)
  Kirke (D:15)
  Josephine (D:10)
  2 merfolk impalers (Shoals:1)
  A rakshasa (D:15)
  Harold (D:10)
  A catoblepas (Lair:4)
  Erolcha (D:12)
  An ogre mage (D:15)
  4 boulder beetles
  10 hydras
  2 merfolk aquamancers (Shoals:2)
  10 two-headed ogres
  2 death yaks (Lair:5)
  Sonja (D:10)
  Urug (Orc:2)
  A fire crab (shapeshifter) (D:13)
  4 skeletal warriors (D:15)
  5 sea snakes
  2 deep trolls (Orc:2)
  A sea snake (shapeshifter) (D:13)
  A wizard (D:14)
  An obsidian statue (Gauntlet)
  2 orc knights (Orc:2)
  4 harpies (Shoals:1)
  A deep elf pyromancer (D:15)
  A lindwurm (Lair:5)
  Pikel (D:8)
  A wolf spider (Lair:5)
  3 cyclopes
  6 manticores
  4 fauns
  8 ugly things
  A moth of wrath (Gauntlet)
  A salamander (D:15)
  A salamander (shapeshifter) (D:14)
  A guardian serpent (Lair:5)
  3 merfolk sirens (Shoals:1)
  An elephant (shapeshifter) (D:15)
  4 water nymphs
  10 black mambas
  A gargoyle (D:12)
  13 cane toads
  An efreet (D:13)
  6 komodo dragons
  A freezing wraith (D:15)
  8 rime drakes
  9 polar bears
  4 hornets
  A meliai (shapeshifter) (D:13)
  6 merfolk
  A wind drake (Shoals:1)
  5 trolls
  6 blink frogs
  3 raiju (Lair:5)
  4 snapping turtles (Shoals:1)
  Grinder (D:6)
  10 dream sheep (Lair:5)
  13 slime creatures
  A centaur simulacrum (D:14)
  2 shadows
  2 water elementals
  14 wyverns
  2 vampires
  A hog (D:15)
  5 wraiths
  43 yaks
  A hog (shapeshifter) (D:15)
  A basilisk (Lair:1)
  A yak (shapeshifter) (D:13)
  2 steam dragons (D:8)
  10 vampire mosquitoes
  2 redbacks (Lair:5)
  Menkaure (D:6)
  6 wargs
  2 acid dragons
  Edmund (D:6)
  11 hell hounds (Lair:5)
  20 water moccasins
  12 orc warriors
  7 black bears
  2 ice beasts
  A tengu (shapeshifter) (D:13)
  26 wolves
  5 centaurs
  A lemure (D:8)
  12 ogres
  A phantom (D:6)
  8 bullfrogs
  2 kobold brigands
  Blork the orc (D:6)
  3 gnoll sergeants
  2 necrophages
  8 scorpions
  7 wights
  12 killer bees
  4 howler monkeys
  3 hounds
  A jelly (D:6)
  13 orc priests
  An iguana (D:6)
  Terence (D:3)
  Natasha (thrice) (D:3)
  4 hell rats (Lair:4)
  27 orc wizards
  15 gnolls
  7 adders
  A white imp (D:6)
  6 worms
  4 dart slugs
  83 orcs
  8 bats
  9 endoplasms
  5 giant cockroaches
  12 goblins
  4 hobgoblins
  4 jackals (D:1)
  11 kobolds
  2 quokkas
  9 ball pythons
  4 frilled lizards
  6 rats
687 creatures vanquished.

Vanquished Creatures (collateral kills)
  A minotaur (Gauntlet)
  A hydra (Lair:5)
  A boulder beetle (D:15)
  2 ogre magi (Orc:2)
  A merfolk avatar (Shoals:1)
  A merfolk aquamancer (Shoals:1)
  7 two-headed ogres
  A death yak (Lair:5)
  A glowing orange brain (Gauntlet)
  2 cyclopes
  A water nymph (Shoals:2)
  A torpor snail (Lair:1)
  4 black mambas
  A cane toad (Lair:5)
  A kobold demonologist (D:11)
  4 komodo dragons
  2 merfolk (Shoals:1)
  3 polar bears (Lair:5)
  4 trolls (Orc:2)
  A wind drake (Lair:3)
  A raiju (Lair:5)
  2 blink frogs (Lair:4)
  A water elemental (Shoals:1)
  4 wyverns
  11 yaks
  A warg (Lair:5)
  8 water moccasins
  2 hell hounds (Lair:5)
  An orc warrior (Orc:2)
  6 black bears
  12 ogres
  5 wolves (Lair:5)
  A howler monkey (D:11)
  An orc priest (Orc:2)
  An orc wizard (Orc:2)
  2 orcs (D:12)
99 creatures vanquished.

Vanquished Creatures (others)
  2 humans (D:15)
  21 demonic plants (Gauntlet)
  14 fungi
  98 plants
135 creatures vanquished.

Grand Total: 921 creatures vanquished

Notes
Turn   | Place    | Note
-------+----------+-------------------------------------------
     0 | D:1      | qw the Minotaur Fighter began the quest for the Orb.
     0 | D:1      | Reached XP level 1. HP: 19/19 MP: 0/0
     0 | D:1      | 0 ||| qw: Version: 0.1-a-103-gd6f5d3a
     0 | D:1      | 0 ||| qw: Game counter: 5526
     0 | D:1      | 0 ||| qw: Always use a shield: true
     0 | D:1      | 0 ||| qw: God list: Ru
     0 | D:1      | 0 ||| qw: Allow faded altars: false
     0 | D:1      | 0 ||| qw: Do Orc after D:15 true
     0 | D:1      | 0 ||| qw: Do second Lair branch before Depths: true
     0 | D:1      | 0 ||| qw: Lair rune preference: random
     0 | D:1      | 0 ||| qw: Plans: Normal
     0 | D:1      | 0 ||| PLANNING D:1-11
   108 | D:1      | Reached skill level 3 in Axes
   238 | D:1      | Reached XP level 2. HP: 26/26 MP: 1/1
   252 | D:1      | 252 ||| Stepping ~*~*~tactically~*~*~ (stealth).
   254 | D:1      | 254 ||| Stepping ~*~*~tactically~*~*~ (hiding).
   664 | D:1      | Reached XP level 3. HP: 31/31 MP: 2/2
   754 | D:1      | You fall into a shaft and drop 1 floor!
   773 | D:2      | 773 ||| UPGRADING to ring of protection from cold.
   774 | D:2      | 774 ||| READING 2 scrolls labelled PEJO DUIWIAZUM.
  1074 | D:2      | Noticed a scorpion
  1081 | D:2      | Killed a scorpion
  1082 | D:2      | Reached XP level 4. HP: 33/39 MP: 3/3
  1295 | D:2      | 1295 ||| Stepping ~*~*~tactically~*~*~ (stealth).
  1378 | D:2      | Reached skill level 1 in Dodging
  1627 | D:2      | 1627 ||| DROPPING ring of flight.
  1628 | D:2      | 1628 ||| READING scroll labelled YSHYJ JOTHUN.
  1656 | D:3      | 1656 ||| STAIRDANCE
  1664 | D:3      | Reached skill level 6 in Axes
  1751 | D:3      | Found Gisei's Antique Weapon Shop.
  1757 | D:3      | Noticed Natasha
  1758 | D:3      | 1758 ||| Stepping ~*~*~tactically~*~*~ (hiding).
  1760 | D:3      | 1760 ||| Stepping ~*~*~tactically~*~*~ (hiding).
  1764 | D:3      | Killed Natasha
  1765 | D:3      | Reached skill level 1 in Throwing
  1765 | D:3      | Reached XP level 5. HP: 37/45 MP: 4/4
  1863 | D:3      | Found a snail-covered altar of Cheibriados.
  1910 | D:3      | Noticed Terence
  1911 | D:3      | 1911 ||| Stepping ~*~*~tactically~*~*~ (hiding).
  1914 | D:3      | 1914 ||| Stepping ~*~*~tactically~*~*~ (hiding).
  1930 | D:3      | Killed Terence
  1943 | D:3      | 1943 ||| FLEEEEING.
  2330 | D:3      | Noticed Natasha
  2331 | D:3      | 2331 ||| Stepping ~*~*~tactically~*~*~ (hiding).
  2338 | D:3      | Killed Natasha
  2385 | D:3      | Noticed Natasha
  2386 | D:3      | 2386 ||| Stepping ~*~*~tactically~*~*~ (hiding).
  2387 | D:3      | 2387 ||| Stepping ~*~*~tactically~*~*~ (hiding).
  2395 | D:3      | Killed Natasha
  2469 | D:3      | Found a faded altar of an unknown god.
  2491 | D:3      | 2491 ||| Stepping ~*~*~tactically~*~*~ (hiding).
  2692 | D:3      | 2692 ||| READING 2 scrolls labelled ECHIKHL QOHOR.
  2693 | D:3      | 2693 ||| READING scroll labelled FAGOSO NUPPOEHO.
  2694 | D:3      | 2694 ||| READING 2 scrolls labelled WIOCSA DIPLUH.
  2695 | D:3      | 2695 ||| READING scroll labelled FYLIYST WOFOTUUGE.
  2696 | D:3      | 2696 ||| READING scroll labelled DILORPH FYTSITE.
  2697 | D:3      | 2697 ||| DRINKING 2 ruby potions.
  2734 | D:3      | 2734 ||| DROPPING scroll of immolation.
  2735 | D:3      | 2735 ||| DROPPING potion of lignification.
  2767 | D:4      | 2767 ||| Stepping ~*~*~tactically~*~*~ (stealth).
  2768 | D:4      | 2768 ||| Stepping ~*~*~tactically~*~*~ (stealth).
  2769 | D:4      | 2769 ||| Stepping ~*~*~tactically~*~*~ (stealth).
  2775 | D:4      | Reached XP level 6. HP: 52/52 MP: 5/5
  2873 | D:4      | 2873 ||| Stepping ~*~*~tactically~*~*~ (stealth).
  2918 | D:4      | 2918 ||| FLEEEEING.
  2919 | D:4      | 2919 ||| FLEEEEING.
  2920 | D:4      | 2920 ||| FLEEEEING.
  2923 | D:4      | 2923 ||| FLEEEEING.
  2924 | D:4      | 2924 ||| FLEEEEING.
  2941 | D:4      | 2941 ||| Stepping ~*~*~tactically~*~*~ (stealth).
  2966 | D:4      | 2966 ||| FLEEEEING.
  2967 | D:4      | 2967 ||| STAIRDANCE
  3058 | D:4      | 3058 ||| FLEEEEING.
  3059 | D:4      | 3059 ||| FLEEEEING.
  3060 | D:4      | 3060 ||| FLEEEEING.
  3061 | D:4      | 3061 ||| FLEEEEING.
  3062 | D:4      | 3062 ||| FLEEEEING.
  3063 | D:4      | 3063 ||| FLEEEEING.
  3064 | D:4      | 3064 ||| STAIRDANCE
  3098 | D:4      | 3098 ||| Stepping ~*~*~tactically~*~*~ (stealth).
  3126 | D:4      | 3126 ||| DROPPING +0 whip.
  3128 | D:4      | 3128 ||| Stepping ~*~*~tactically~*~*~ (stealth).
  3135 | D:4      | 3135 ||| Stepping ~*~*~tactically~*~*~ (stealth).
  3403 | D:4      | 3403 ||| Stepping ~*~*~tactically~*~*~ (stealth).
  3444 | D:4      | Found Lopeab's Tremendous Tomes.
  3467 | D:4      | 3467 ||| Stepping ~*~*~tactically~*~*~ (hiding).
  3576 | D:4      | 3576 ||| Stepping ~*~*~tactically~*~*~ (stealth).
  3612 | D:4      | 3612 ||| Stepping ~*~*~tactically~*~*~ (stealth).
  3673 | D:4      | Found an opulent altar of Gozag.
  3831 | D:4      | 3831 ||| UPGRADING to +0 chain mail.
  3841 | D:4      | 3841 ||| DROPPING +0 scale mail.
  3842 | D:4      | 3842 ||| UPGRADING to +3 chain mail.
  3852 | D:4      | 3852 ||| DROPPING +0 chain mail.
  3853 | D:4      | 3853 ||| UPGRADING to +0 pair of gloves.
  3858 | D:4      | 3858 ||| READING scroll labelled SAON YMPITI.
  3906 | D:5      | Entered Level 5 of the Dungeon
  3926 | D:5      | Reached XP level 7. HP: 59/59 MP: 6/6
  3930 | D:5      | 3930 ||| DROPPING +0 flail.
  3966 | D:5      | 3966 ||| Stepping ~*~*~tactically~*~*~ (hiding).
  3970 | D:5      | Reached skill level 9 in Axes
  4038 | D:5      | 4038 ||| Stepping ~*~*~tactically~*~*~ (hiding).
  4062 | D:5      | 4062 ||| Stepping ~*~*~tactically~*~*~ (stealth).
  4063 | D:5      | 4063 ||| Stepping ~*~*~tactically~*~*~ (stealth).
  4151 | D:5      | 4151 ||| DROPPING +2 hand axe of freezing.
  4654 | D:5      | 4654 ||| DROPPING ring of wizardry.
  4655 | D:5      | 4655 ||| READING scroll labelled AHENWI BAIQOIMN.
  4656 | D:5      | 4656 ||| DRINKING 3 viscous green potions.
  4657 | D:5      | 4657 ||| DRINKING 2 bubbling orange potions.
  4658 | D:5      | 4658 ||| DROPPING 2 potions of brilliance.
  4659 | D:5      | 4659 ||| DROPPING potion of degeneration.
  4669 | D:6      | 4669 ||| STAIRDANCE
  4677 | D:6      | 4677 ||| STAIRDANCE
  4687 | D:6      | 4687 ||| STAIRDANCE
  4693 | D:5      | Reached skill level 6 in Fighting
  4693 | D:5      | Reached XP level 8. HP: 52/70 MP: 7/7
  4983 | D:6      | Noticed Grinder
  4984 | D:6      | 4984 ||| Stepping ~*~*~tactically~*~*~ (hiding).
  4999 | D:6      | 4999 ||| FLEEEEING.
  5000 | D:6      | 5000 ||| FLEEEEING.
  5005 | D:6      | 5005 ||| FLEEEEING.
  5006 | D:6      | 5006 ||| FLEEEEING.
  5007 | D:6      | 5007 ||| FLEEEEING.
  5008 | D:6      | 5008 ||| FLEEEEING.
  5008 | D:6      | Paralysed by Grinder for 2 turns
  5010 | D:6      | 5010 ||| FLEEEEING.
  5014 | D:6      | 5014 ||| FLEEEEING.
  5014 | D:6      | Paralysed by Grinder for 3 turns
  5033 | D:6      | Killed Grinder
  5162 | D:6      | Reached skill level 4 in Armour
  5332 | D:6      | Noticed Menkaure
  5333 | D:6      | 5333 ||| Stepping ~*~*~tactically~*~*~ (hiding).
  5341 | D:6      | Killed Menkaure
  5476 | D:6      | Noticed Edmund
  5485 | D:6      | Killed Edmund
  5575 | D:6      | Noticed Blork the orc
  5576 | D:6      | 5576 ||| Stepping ~*~*~tactically~*~*~ (hiding).
  5577 | D:6      | 5577 ||| Stepping ~*~*~tactically~*~*~ (hiding).
  5578 | D:6      | 5578 ||| Stepping ~*~*~tactically~*~*~ (hiding).
  5585 | D:6      | Killed Blork the orc
  5588 | D:6      | Reached skill level 12 in Axes
  5592 | D:6      | Reached XP level 9. HP: 65/78 MP: 8/8
  5925 | D:6      | 5925 ||| DRINKING 2 murky silvery potions.
  5925 | D:6      | Gained mutation: You are partially covered in iridescent
                  | scales. (AC +2) [potion of mutation]
  5925 | D:6      | Gained mutation: You are dopey. (Int -2) [potion of
                  | mutation]
  5925 | D:6      | Gained mutation: You are mostly covered in iridescent
                  | scales. (AC +4) [potion of mutation]
  5926 | D:6      | 5926 ||| READING 2 scrolls of identify.
  5926 | D:6      | 5926 ||| IDENTIFYING amethyst potion
  5927 | D:6      | 5927 ||| DROPPING potion of flight.
  5947 | D:7      | 5947 ||| Stepping ~*~*~tactically~*~*~ (stealth).
  5969 | D:7      | 5969 ||| FLEEEEING.
  5970 | D:7      | 5970 ||| STAIRDANCE
  6039 | D:7      | 6039 ||| STAIRDANCE
  6135 | D:7      | Noticed a two-headed ogre
  6145 | D:7      | HP: 19/79 [two-headed ogre/+0 giant club (10)]
  6146 | D:7      | 6146 ||| READING 5 scrolls of teleportation.
  6148 | D:7      | HP: 5/79 [two-headed ogre/+0 giant club (8)]
  6151 | D:7      | Killed a two-headed ogre
  6535 | D:7      | 6535 ||| Stepping ~*~*~tactically~*~*~ (stealth).
  6549 | D:7      | Reached skill level 5 in Armour
  6719 | D:7      | 6719 ||| Stepping ~*~*~tactically~*~*~ (hiding).
  6720 | D:7      | 6720 ||| Stepping ~*~*~tactically~*~*~ (hiding).
  6730 | D:7      | 6730 ||| Stepping ~*~*~tactically~*~*~ (stealth).
  6732 | D:7      | 6732 ||| Stepping ~*~*~tactically~*~*~ (hiding).
  6851 | D:7      | Found a staircase to the Ecumenical Temple.
  7326 | D:7      | 7326 ||| READING scroll labelled ZAYWOVV PONYA.
  7327 | D:7      | 7327 ||| READING 2 scrolls of identify.
  7327 | D:7      | 7327 ||| IDENTIFYING metallic purple potion
  7328 | D:7      | 7328 ||| DROPPING potion of magic.
  7365 | D:8      | 7365 ||| Stepping ~*~*~tactically~*~*~ (stealth).
  7397 | D:8      | 7397 ||| Stepping ~*~*~tactically~*~*~ (stealth).
  7412 | D:8      | Reached skill level 3 in Dodging
  7460 | D:8      | Noticed Gastronok
  7474 | D:8      | Killed Gastronok
  7475 | D:8      | Reached skill level 15 in Axes
  7475 | D:8      | Reached XP level 10. HP: 48/88 MP: 9/9
  7481 | D:8      | HP: 19/90 [poisoned by a hornet]
  7486 | D:8      | HP: 12/90 [poisoned by a hornet]
  7530 | D:8      | 7530 ||| Stepping ~*~*~tactically~*~*~ (stealth).
  7531 | D:8      | 7531 ||| Stepping ~*~*~tactically~*~*~ (stealth).
  7535 | D:8      | 7535 ||| Stepping ~*~*~tactically~*~*~ (stealth).
  7536 | D:8      | HP: 21/90 [orc wizard/+0 dagger (2)]
  7537 | D:8      | 7537 ||| READING 4 scrolls of teleportation.
  7756 | D:8      | 7756 ||| FLEEEEING.
  7757 | D:8      | 7757 ||| FLEEEEING.
  7882 | D:8      | Reached skill level 9 in Fighting
  7896 | D:8      | Reached skill level 6 in Armour
  7995 | D:8      | 7995 ||| Stepping ~*~*~tactically~*~*~ (hiding).
  8008 | D:8      | 8008 ||| Stepping ~*~*~tactically~*~*~ (stealth).
  8034 | D:8      | 8034 ||| Stepping ~*~*~tactically~*~*~ (hiding).
  8326 | D:8      | 8326 ||| Stepping ~*~*~tactically~*~*~ (hiding).
  8328 | D:8      | 8328 ||| Stepping ~*~*~tactically~*~*~ (cloud).
  8461 | D:8      | Noticed Pikel
  8462 | D:8      | 8462 ||| Stepping ~*~*~tactically~*~*~ (stealth).
  8479 | D:8      | Killed Pikel
  8681 | D:8      | 8681 ||| Stepping ~*~*~tactically~*~*~ (hiding).
  8806 | D:8      | Reached skill level 6 in Shields
  8924 | D:8      | 8924 ||| Stepping ~*~*~tactically~*~*~ (stealth).
  8928 | D:8      | 8928 ||| Stepping ~*~*~tactically~*~*~ (stealth).
  8934 | D:8      | 8934 ||| Stepping ~*~*~tactically~*~*~ (hiding).
  8960 | D:8      | 8960 ||| UPGRADING to +1 hat.
  8965 | D:8      | 8965 ||| UPGRADING to amulet of guardian spirit.
  9047 | D:9      | 9047 ||| Stepping ~*~*~tactically~*~*~ (stealth).
  9048 | D:9      | 9048 ||| Stepping ~*~*~tactically~*~*~ (stealth).
  9052 | D:9      | 9052 ||| Stepping ~*~*~tactically~*~*~ (stealth).
  9140 | D:9      | 9140 ||| Stepping ~*~*~tactically~*~*~ (stealth).
  9154 | D:9      | Reached XP level 11. HP: 98/99 MP: 10/10
  9515 | D:9      | 9515 ||| Stepping ~*~*~tactically~*~*~ (stealth).
  9528 | D:9      | 9528 ||| FLEEEEING.
  9529 | D:9      | 9529 ||| FLEEEEING.
  9530 | D:9      | 9530 ||| FLEEEEING.
  9531 | D:9      | 9531 ||| STAIRDANCE
  9576 | D:8      | 9576 ||| READING scroll labelled BISEFO SILUJ.
  9586 | D:9      | Reached skill level 7 in Armour
  9587 | D:9      | 9587 ||| Stepping ~*~*~tactically~*~*~ (stealth).
  9589 | D:9      | 9589 ||| Stepping ~*~*~tactically~*~*~ (hiding).
  9591 | D:9      | 9591 ||| Stepping ~*~*~tactically~*~*~ (hiding).
  9766 | D:9      | 9766 ||| Stepping ~*~*~tactically~*~*~ (stealth).
  9872 | D:9      | Found a staircase to the Lair.
  9917 | D:9      | 9917 ||| Stepping ~*~*~tactically~*~*~ (hiding).
  9999 | D:9      | Noticed a two-headed ogre
 10005 | D:9      | Killed a two-headed ogre
 10272 | D:9      | 10272 ||| UPGRADING to +0 storm dragon scales.
 10282 | D:9      | 10282 ||| DROPPING +3 chain mail.
 10305 | D:10     | Entered Level 10 of the Dungeon
 10353 | D:10     | Found a runed translucent gate.
 10353 | D:10     | Found a runed translucent gate.
 10354 | D:10     | Found a runed translucent gate.
 10355 | D:10     | Noticed a two-headed ogre
 10355 | D:10     | Noticed a two-headed ogre
 10359 | D:10     | Noticed a boulder beetle
 10362 | D:10     | Noticed Josephine
 10363 | D:10     | Noticed a two-headed ogre
 10363 | D:10     | Noticed qw's ghost (journeyman TrCA)
 10377 | D:10     | Killed Josephine
 10378 | D:10     | Reached skill level 8 in Armour
 10708 | D:10     | 10708 ||| Stepping ~*~*~tactically~*~*~ (stealth).
 10711 | D:10     | 10711 ||| Stepping ~*~*~tactically~*~*~ (stealth).
 10715 | D:10     | Reached skill level 9 in Armour
 10747 | D:10     | Noticed Sonja
 10748 | D:10     | 10748 ||| Stepping ~*~*~tactically~*~*~ (stealth).
 10778 | D:10     | Killed Sonja
 10784 | D:10     | 10784 ||| FLEEEEING.
 10785 | D:10     | 10785 ||| FLEEEEING.
 10786 | D:10     | 10786 ||| FLEEEEING.
 10789 | D:10     | 10789 ||| FLEEEEING.
 10791 | D:10     | 10791 ||| FLEEEEING.
 10792 | D:10     | 10792 ||| FLEEEEING.
 10793 | D:10     | 10793 ||| FLEEEEING.
 10794 | D:10     | 10794 ||| FLEEEEING.
 10795 | D:10     | 10795 ||| FLEEEEING.
 10796 | D:10     | 10796 ||| FLEEEEING.
 10800 | D:10     | 10800 ||| FLEEEEING.
 10801 | D:10     | 10801 ||| FLEEEEING.
 10802 | D:10     | 10802 ||| FLEEEEING.
 10803 | D:10     | 10803 ||| FLEEEEING.
 10806 | D:10     | 10806 ||| FLEEEEING.
 10807 | D:10     | 10807 ||| FLEEEEING.
 10809 | D:10     | 10809 ||| FLEEEEING.
 10810 | D:10     | 10810 ||| FLEEEEING.
 10812 | D:10     | 10812 ||| FLEEEEING.
 10814 | D:10     | 10814 ||| FLEEEEING.
 10815 | D:10     | 10815 ||| FLEEEEING.
 10816 | D:10     | 10816 ||| STAIRDANCE
 10880 | D:9      | 10880 ||| READING scroll labelled JAJAEM LISEVEHI.
 10880 | D:9      | Identified a scroll of acquirement
 10880 | D:9      | 10880 ||| ACQUIRING +7 crystal plate armour "Jaocheix"
                  | {Str+5}
 10880 | D:9      | Acquired the +7 crystal plate armour "Jaocheix" {Str+5}
 10882 | D:9      | 10882 ||| UPGRADING to +7 crystal plate armour "Jaocheix"
                  | {Str+5}.
 10892 | D:9      | 10892 ||| DROPPING +0 storm dragon scales.
 10895 | D:10     | 10895 ||| STAIRDANCE
 10919 | D:10     | 10919 ||| STAIRDANCE
 11053 | D:9      | 11053 ||| READING 2 scrolls of identify.
 11053 | D:9      | 11053 ||| IDENTIFYING purple potion
 11097 | D:10     | Found Hoeqew's Weapon Boutique.
 11099 | D:10     | Found Wirougeb's Weapon Boutique.
 11101 | D:10     | Found Zucuo's Antique Armour Boutique.
 11102 | D:10     | Found Xocoador's Distillery.
 11111 | D:10     | Noticed a two-headed ogre
 11112 | D:10     | 11112 ||| BUYING potion of curing (51 gold).
 11112 | D:10     | Bought a potion of curing for 51 gold pieces
 11112 | D:10     | 11112 ||| BUYING potion of curing (51 gold).
 11112 | D:10     | Bought a potion of curing for 51 gold pieces
 11112 | D:10     | 11112 ||| BUYING potion of heal wounds (85 gold).
 11112 | D:10     | Bought a potion of heal wounds for 85 gold pieces
 11112 | D:10     | 11112 ||| BUYING potion of mutation (136 gold).
 11112 | D:10     | Bought a potion of mutation for 136 gold pieces
 11114 | D:10     | Noticed a two-headed ogre
 11120 | D:10     | Killed a two-headed ogre
 11125 | D:10     | Killed a two-headed ogre
 11126 | D:10     | Reached skill level 10 in Armour
 11263 | D:10     | 11263 ||| BUYING +0 morningstar of venom (74 gold).
 11263 | D:10     | Bought a +0 morningstar of venom for 74 gold pieces
 11263 | D:10     | 11263 ||| DROPPING +0 morningstar.
 11328 | D:10     | 11328 ||| Stepping ~*~*~tactically~*~*~ (stealth).
 11329 | D:10     | 11329 ||| Stepping ~*~*~tactically~*~*~ (stealth).
 11338 | D:10     | 11338 ||| READING scroll of acquirement.
 11338 | D:10     | 11338 ||| ACQUIRING +14 obsidian axe {vorpal, Mesm Drain
                  | Fly SInv}
 11338 | D:10     | Acquired the +14 obsidian axe {vorpal, Mesm Drain Fly SInv}
 11338 | D:10     | Found the +14 obsidian axe {vorpal, Mesm Drain Fly SInv}
 11340 | D:10     | 11340 ||| SWAPPING to +14 obsidian axe {vorpal, Mesm Drain
                  | Fly SInv}.
 11341 | D:10     | 11341 ||| DROPPING +1 war axe of venom.
 11399 | D:10     | Noticed Harold
 11400 | D:10     | 11400 ||| FLEEEEING.
 11401 | D:10     | 11401 ||| Stepping ~*~*~tactically~*~*~ (hiding).
 11402 | D:10     | 11402 ||| Stepping ~*~*~tactically~*~*~ (hiding).
 11403 | D:10     | 11403 ||| Stepping ~*~*~tactically~*~*~ (hiding).
 11405 | D:10     | 11405 ||| FLEEEEING.
 11406 | D:10     | 11406 ||| FLEEEEING.
 11407 | D:10     | 11407 ||| FLEEEEING.
 11411 | D:10     | 11411 ||| FLEEEEING.
 11412 | D:10     | 11412 ||| FLEEEEING.
 11418 | D:10     | 11418 ||| FLEEEEING.
 11428 | D:10     | Killed Harold
 11740 | D:10     | 11740 ||| READING 6 scrolls of teleportation.
 11823 | D:11     | Reached XP level 12. HP: 110/110 MP: 11/11
 11917 | D:11     | Noticed a two-headed ogre
 11920 | D:11     | Killed a two-headed ogre
 11979 | D:11     | 11979 ||| READING 5 scrolls of teleportation.
 12033 | D:11     | Reached skill level 11 in Armour
 12383 | D:11     | Found a portal to a secret trove of treasure.
 12481 | D:11     | 12481 ||| PLANNING LAIR
 12481 | D:11     | 12481 ||| UPGRADING to +0 cloak.
 12486 | D:11     | 12486 ||| READING scroll labelled TEHEW HIED ACA.
 12757 | Lair:1   | Entered Level 1 of the Lair of Beasts
 12758 | Lair:1   | 12758 ||| PLANNING GAUNTLET
 12793 | Lair:1   | Found a gate leading to a gauntlet.
 12802 | Gauntlet | Entered a Gauntlet
 12802 | Gauntlet | Found a transporter.
 12802 | Gauntlet | Found a transporter.
 12806 | Gauntlet | Found a transporter.
 12807 | Gauntlet | Found a transporter.
 12808 | Gauntlet | Noticed an entropy weaver
 12816 | Gauntlet | Found a transporter.
 12826 | Gauntlet | Found a transporter.
 12826 | Gauntlet | Found a transporter.
 12832 | Gauntlet | Found a transporter.
 12839 | Gauntlet | Noticed a dire elephant
 12863 | Gauntlet | Found a transporter.
 12870 | Gauntlet | Found a transporter.
 12892 | Gauntlet | Found a transporter.
 12906 | Gauntlet | Found a transporter.
 12952 | Gauntlet | Found a transporter.
 12968 | Gauntlet | Found a transporter.
 13070 | Gauntlet | Found a transporter.
 13086 | Gauntlet | Found a transporter.
 13220 | Gauntlet | Identified the +0 helmet of the Sturgeon {Harm Fly}
 13240 | Gauntlet | Reached skill level 18 in Axes
 13252 | Gauntlet | 13252 ||| UPGRADING to ring of resist corrosion.
 13253 | Gauntlet | 13253 ||| UPGRADING to +4 ring of protection.
 13255 | Gauntlet | 13255 ||| UPGRADING to ring of protection from cold.
 13289 | Gauntlet | Noticed a minotaur
 13293 | Gauntlet | Killed a minotaur
 13294 | Gauntlet | Reached skill level 12 in Armour
 13380 | Gauntlet | 13380 ||| READING scroll labelled LOLA PUMIOL.
 13407 | Lair:1   | 13407 ||| PLANNING LAIR
 13410 | Lair:1   | 13410 ||| Stepping ~*~*~tactically~*~*~ (stealth).
 13418 | Lair:1   | Reached skill level 3 in Throwing
 14228 | Lair:1   | 14228 ||| READING scroll labelled DOSCHA WULLYSTRO.
 14229 | Lair:1   | 14229 ||| READING scroll labelled GIMPAOCEXE.
 14303 | Lair:2   | Noticed a six-headed hydra
 14305 | Lair:2   | Noticed an eight-headed hydra
 14307 | Lair:2   | Killed an eight-headed hydra
 14313 | Lair:2   | Killed an 11-headed hydra
 14355 | Lair:2   | 14355 ||| Stepping ~*~*~tactically~*~*~ (stealth).
 14357 | Lair:2   | 14357 ||| Stepping ~*~*~tactically~*~*~ (stealth).
 14419 | Lair:2   | Reached XP level 13. HP: 115/116 MP: 10/12
 14423 | Lair:2   | Reached skill level 6 in Throwing
 14461 | Lair:2   | 14461 ||| Stepping ~*~*~tactically~*~*~ (stealth).
 14537 | Lair:2   | Found a staircase to the Snake Pit.
 14622 | Lair:2   | Reached skill level 13 in Armour
 14690 | Lair:2   | 14690 ||| Stepping ~*~*~tactically~*~*~ (stealth).
 14691 | Lair:2   | 14691 ||| Stepping ~*~*~tactically~*~*~ (stealth).
 14944 | Lair:2   | Reached skill level 12 in Fighting
 15121 | Lair:2   | 15121 ||| UPGRADING to +0 pair of boots.
 15126 | Lair:2   | 15126 ||| DROPPING ring of resist corrosion.
 15127 | Lair:2   | 15127 ||| UPGRADING to +4 ring of evasion.
 15129 | Lair:2   | 15129 ||| DROPPING ring of willpower.
 15130 | Lair:2   | 15130 ||| DROPPING ring of protection from cold.
 15131 | Lair:2   | 15131 ||| READING scroll labelled BISYEV FEWAN.
 15144 | Lair:3   | Found a staircase to the Shoals.
 15166 | Lair:3   | Found a transporter.
 15337 | Lair:3   | Found a transporter.
 15472 | Lair:3   | Reached skill level 14 in Armour
 16105 | Lair:4   | 16105 ||| Stepping ~*~*~tactically~*~*~ (cloud).
 16109 | Lair:4   | 16109 ||| Stepping ~*~*~tactically~*~*~ (cloud).
 16186 | Lair:4   | 16186 ||| Stepping ~*~*~tactically~*~*~ (hiding).
 16194 | Lair:4   | Reached skill level 15 in Armour
 16225 | Lair:4   | 16225 ||| READING scroll of enchant armour.
 16225 | Lair:4   | 16225 ||| ENCHANTING +0 pair of gloves.
 16262 | Lair:4   | Found a staircase to the Slime Pits.
 16413 | Lair:4   | 16413 ||| Stepping ~*~*~tactically~*~*~ (stealth).
 16421 | Lair:4   | 16421 ||| FLEEEEING.
 16528 | Lair:4   | Identified the +7 spear of Circular Logic {holy, Will+
                  | rCorr}
 16772 | Lair:4   | 16772 ||| DRINKING 2 green potions.
 16803 | Lair:5   | Entered Level 5 of the Lair of Beasts
 16852 | Lair:5   | 16852 ||| STAIRDANCE
 16973 | Lair:5   | 16973 ||| READING scroll of enchant armour.
 16973 | Lair:5   | 16973 ||| ENCHANTING +1 pair of gloves.
 17155 | Lair:5   | Reached XP level 14. HP: 129/129 MP: 13/13
 17163 | Lair:5   | Reached skill level 16 in Armour
 17197 | Lair:5   | 17197 ||| Stepping ~*~*~tactically~*~*~ (stealth).
 17209 | Lair:5   | Reached skill level 9 in Shields
 17268 | Lair:5   | Identified the +6 mace of Eternity {freeze, rF+}
 17294 | Lair:5   | 17294 ||| Stepping ~*~*~tactically~*~*~ (stealth).
 17401 | Lair:5   | 17401 ||| FLEEEEING.
 17499 | Lair:5   | 17499 ||| Stepping ~*~*~tactically~*~*~ (stealth).
 17512 | Lair:5   | 17512 ||| Stepping ~*~*~tactically~*~*~ (hiding).
 17578 | Lair:5   | 17578 ||| Stepping ~*~*~tactically~*~*~ (hiding).
 17581 | Lair:5   | Reached skill level 17 in Armour
 17671 | Lair:5   | 17671 ||| Stepping ~*~*~tactically~*~*~ (stealth).
 17687 | Lair:5   | Gained mutation: Your magical capacity is low. (-10% MP) [a
                  | neqoxec]
 18019 | Lair:5   | Reached skill level 15 in Fighting
 18026 | Lair:5   | 18026 ||| Stepping ~*~*~tactically~*~*~ (stealth).
 18222 | Lair:5   | 18222 ||| Stepping ~*~*~tactically~*~*~ (stealth).
 18223 | Lair:5   | 18223 ||| Stepping ~*~*~tactically~*~*~ (stealth).
 18450 | Lair:5   | 18450 ||| PLANNING D
 18450 | Lair:5   | 18450 ||| DROPPING ring of fire.
 18451 | Lair:5   | 18451 ||| READING 10 scrolls of identify.
 18451 | Lair:5   | 18451 ||| IDENTIFYING murky cyan potion
 18452 | Lair:5   | 18452 ||| DROPPING potion of attraction.
 18763 | D:12     | 18763 ||| Stepping ~*~*~tactically~*~*~ (hiding).
 18892 | D:12     | 18892 ||| Stepping ~*~*~tactically~*~*~ (stealth).
 18900 | D:12     | 18900 ||| Stepping ~*~*~tactically~*~*~ (hiding).
 18900 | D:12     | Found a staircase to the Orcish Mines.
 19016 | D:12     | 19016 ||| Stepping ~*~*~tactically~*~*~ (stealth).
 19017 | D:12     | 19017 ||| Stepping ~*~*~tactically~*~*~ (hiding).
 19022 | D:12     | Reached skill level 18 in Armour
 19026 | D:12     | 19026 ||| Stepping ~*~*~tactically~*~*~ (stealth).
 19071 | D:12     | Found a frozen archway.
 19151 | D:12     | Noticed Erolcha
 19158 | D:12     | Killed Erolcha
 19670 | D:13     | Identified the +1 leather armour "Pifaur" {Int+4}
 19929 | D:13     | Found a gate to the Vaults.
 19930 | D:13     | 19930 ||| Stepping ~*~*~tactically~*~*~ (stealth).
 19941 | D:13     | Reached XP level 15. HP: 141/141 MP: 12/12
 19981 | D:13     | 19981 ||| DRINKING 11 potions of curing.
 19981 | D:13     | 19981 ||| (to cure confusion)
 20052 | D:13     | Identified the +4 quarterstaff of Warogg {elec, rElec rPois
                  | Str+4}
 20197 | D:13     | 20197 ||| Stepping ~*~*~tactically~*~*~ (stealth).
 20209 | D:13     | 20209 ||| Stepping ~*~*~tactically~*~*~ (hiding).
 20357 | D:13     | 20357 ||| READING 10 scrolls of identify.
 20357 | D:13     | 20357 ||| IDENTIFYING bubbling golden potion
 20358 | D:13     | 20358 ||| DROPPING potion of invisibility.
 20451 | D:14     | Reached skill level 6 in Dodging
 20539 | D:14     | Found a white marble altar of Elyvilon.
 20590 | D:14     | 20590 ||| Stepping ~*~*~tactically~*~*~ (hiding).
 21265 | D:15     | Entered Level 15 of the Dungeon
 21392 | D:15     | 21392 ||| Stepping ~*~*~tactically~*~*~ (stealth).
 21395 | D:15     | 21395 ||| Stepping ~*~*~tactically~*~*~ (stealth).
 21404 | D:15     | 21404 ||| FLEEEEING.
 21405 | D:15     | 21405 ||| FLEEEEING.
 21537 | D:15     | Noticed Kirke
 21538 | D:15     | 21538 ||| Stepping ~*~*~tactically~*~*~ (stealth).
 21557 | D:15     | 21557 ||| DRINKING 2 potions of cancellation.
 21558 | D:15     | Killed Kirke
 21596 | D:15     | Found a staircase to the Depths.
 21600 | D:15     | Reached skill level 19 in Armour
 21781 | D:15     | Found an ornate altar of the Wu Jian Council.
 21825 | D:15     | Found Ygudaam's Weapon Emporium.
 22122 | D:15     | 22122 ||| Stepping ~*~*~tactically~*~*~ (stealth).
 22284 | D:15     | 22284 ||| PLANNING ORC
 22284 | D:15     | 22284 ||| READING 10 scrolls of identify.
 22284 | D:15     | 22284 ||| IDENTIFYING fizzy cyan potion
 22285 | D:15     | 22285 ||| DROPPING potion of ambrosia.
 22356 | Orc:1    | Entered Level 1 of the Orcish Mines
 22364 | Orc:1    | 22364 ||| Stepping ~*~*~tactically~*~*~ (stealth).
 22556 | Orc:1    | Found Jaimea's Distillery.
 22565 | Orc:1    | 22565 ||| BUYING potion of curing (48 gold).
 22565 | Orc:1    | Bought a potion of curing for 48 gold pieces
 22565 | Orc:1    | 22565 ||| BUYING potion of curing (48 gold).
 22565 | Orc:1    | Bought a potion of curing for 48 gold pieces
 22565 | Orc:1    | 22565 ||| BUYING potion of haste (160 gold).
 22565 | Orc:1    | Bought a potion of haste for 160 gold pieces
 22565 | Orc:1    | 22565 ||| BUYING potion of mutation (128 gold).
 22565 | Orc:1    | Bought a potion of mutation for 128 gold pieces
 22565 | Orc:1    | 22565 ||| BUYING potion of resistance (160 gold).
 22565 | Orc:1    | Bought a potion of resistance for 160 gold pieces
 22629 | Orc:2    | Entered Level 2 of the Orcish Mines
 22642 | Orc:2    | 22642 ||| Stepping ~*~*~tactically~*~*~ (hiding).
 22643 | Orc:2    | 22643 ||| Stepping ~*~*~tactically~*~*~ (hiding).
 22753 | Orc:2    | Found a staircase to the Elven Halls.
 22784 | Orc:2    | Found Duodghasi's Magic Scroll Shoppe.
 22800 | Orc:2    | 22800 ||| Stepping ~*~*~tactically~*~*~ (hiding).
 22801 | Orc:2    | 22801 ||| Stepping ~*~*~tactically~*~*~ (hiding).
 22814 | Orc:2    | 22814 ||| Stepping ~*~*~tactically~*~*~ (hiding).
 22816 | Orc:2    | 22816 ||| Stepping ~*~*~tactically~*~*~ (hiding).
 22826 | Orc:2    | Reached skill level 20 in Armour
 22826 | Orc:2    | 22826 ||| Stepping ~*~*~tactically~*~*~ (stealth).
 22833 | Orc:2    | 22833 ||| FLEEEEING.
 22836 | Orc:2    | 22836 ||| FLEEEEING.
 22840 | Orc:2    | 22840 ||| FLEEEEING.
 22846 | Orc:2    | 22846 ||| FLEEEEING.
 22848 | Orc:2    | 22848 ||| FLEEEEING.
 22853 | Orc:2    | 22853 ||| STAIRDANCE
 22984 | Orc:2    | Found Nierrunara's Magic Scroll Shoppe.
 22994 | Orc:2    | Found Raraot Soysch's Assorted Antiques.
 22996 | Orc:2    | 22996 ||| BUYING scroll of identify (36 gold).
 22996 | Orc:2    | Bought a scroll of identify for 36 gold pieces
 22996 | Orc:2    | 22996 ||| BUYING scroll of teleportation (54 gold).
 22996 | Orc:2    | Bought a scroll of teleportation for 54 gold pieces
 22996 | Orc:2    | 22996 ||| BUYING scroll of teleportation (54 gold).
 22996 | Orc:2    | Bought a scroll of teleportation for 54 gold pieces
 23006 | Orc:2    | Found Haotsoestu's Assorted Antiques.
 23009 | Orc:2    | 23009 ||| BUYING embroidered cloak (180 gold).
 23009 | Orc:2    | Bought an embroidered cloak for 180 gold pieces
 23009 | Orc:2    | 23009 ||| BUYING pink potion (21 gold).
 23009 | Orc:2    | Bought a pink potion for 21 gold pieces
 23014 | Orc:2    | 23014 ||| BUYING pink potion (22 gold).
 23014 | Orc:2    | Bought a pink potion for 22 gold pieces
 23014 | Orc:2    | 23014 ||| BUYING scroll of teleportation (75 gold).
 23014 | Orc:2    | Bought a scroll of teleportation for 75 gold pieces
 23024 | Orc:2    | 23024 ||| BUYING scroll of brand weapon (95 gold).
 23024 | Orc:2    | Bought a scroll of brand weapon for 95 gold pieces
 23024 | Orc:2    | 23024 ||| BUYING scroll of enchant weapon (75 gold).
 23024 | Orc:2    | Bought a scroll of enchant weapon for 75 gold pieces
 23024 | Orc:2    | 23024 ||| BUYING scroll of teleportation (30 gold).
 23024 | Orc:2    | Bought a scroll of teleportation for 30 gold pieces
 23123 | Orc:2    | Noticed Urug
 23131 | Orc:2    | Killed Urug
 23345 | Orc:2    | 23345 ||| DROPPING +0 cloak of preservation.
 23346 | Orc:2    | 23346 ||| DRINKING 2 pink potions.
 23451 | Orc:2    | 23451 ||| DROPPING potion of berserk rage.
 23533 | Orc:1    | 23533 ||| DRINKING 13 potions of curing.
 23533 | Orc:1    | 23533 ||| (to cure confusion)
 23612 | Orc:1    | 23612 ||| PLANNING SHOALS:1-3
 23859 | Shoals:1 | Entered Level 1 of the Shoals
 23893 | Shoals:1 | 23893 ||| Stepping ~*~*~tactically~*~*~ (hiding).
 23902 | Shoals:1 | Reached XP level 16. HP: 155/155 MP: 13/13
 24016 | Shoals:1 | 24016 ||| Stepping ~*~*~tactically~*~*~ (cloud).
 24019 | Shoals:1 | 24019 ||| Stepping ~*~*~tactically~*~*~ (cloud).
 24077 | Shoals:1 | Noticed Nikola
 24087 | Shoals:1 | Killed Nikola
 24157 | Shoals:1 | 24157 ||| Stepping ~*~*~tactically~*~*~ (hiding).
 24158 | Shoals:1 | 24158 ||| Stepping ~*~*~tactically~*~*~ (hiding).
 24301 | Shoals:1 | 24301 ||| Stepping ~*~*~tactically~*~*~ (hiding).
 24303 | Shoals:1 | 24303 ||| Stepping ~*~*~tactically~*~*~ (hiding).
 24305 | Shoals:1 | 24305 ||| Stepping ~*~*~tactically~*~*~ (hiding).
 24917 | Shoals:1 | Found a runed translucent gate.
 24917 | Shoals:1 | Found a runed translucent gate.
 24917 | Shoals:1 | Found a runed translucent gate.
 24917 | Shoals:1 | Noticed Zipteul's ghost (adept NaBe)
 24917 | Shoals:1 | Noticed qw's ghost (adept TrCA)
 24918 | Shoals:1 | Noticed Bityczex's ghost (adept DEFE)
 25071 | Shoals:1 | 25071 ||| Stepping ~*~*~tactically~*~*~ (hiding).
 25079 | Shoals:1 | Reached skill level 9 in Throwing
 25429 | Shoals:1 | 25429 ||| UPGRADING to +1 cloak of poison resistance.
 25439 | Shoals:1 | 25439 ||| DROPPING +0 cloak.
 25634 | Shoals:2 | HP: 26/155 [water nymph/the raging water (15)]
 25635 | Shoals:2 | 25635 ||| READING 16 scrolls of teleportation.
 25635 | Shoals:2 | Killed from afar by a merfolk aquamancer

Levels and vault maps discovered:
D:1:      scummos_arrival_simple_crosswalls, layout_loops_corners,
          chequers_serial_rivers_micro_e
D:2:      layout_basic, chequers_serial_rivers_micro_d
D:3:      layout_loops_ring, cheibriados_altar_1,
          shapermc_ecumenical_altar_petra, serial_shops,
          nicolae_shop_advertising_works [nicolae_subvault_shop_adworks],
          hex_tiny, uniq_natasha, uniq_terence
D:4:      layout_rooms, general_overflow_altar, nicolae_shop_i_like_big_books
D:5:      layout_basic, minmay_door_square
D:6:      layout_basic, minmay_misc_feat_tiny, uniq_grinder, uniq_menkaure,
          uniq_blork_the_orc, uniq_edmund
D:7:      layout_cave_pools, minmay_temple_entry_glassed_door
D:8:      layout_loops_ring, uniq_pikel, uniq_gastronok
D:9:      layout_loops_ring, david_lair_shrubbed, serial_bayou_pond_c,
          solitary_fountain
D:10:     layout_basic, gammafunk_ghost_split, minmay_shop_grid_forest,
          minmay_misc_feat_nine_boxes, nicolae_twisting_strands, uniq_sonja,
          uniq_harold, uniq_josephine
D:11:     layout_irregular_city, nicolae_trove_entry_diagonal,
          minmay_strange_pillars
D:12:     layout_basic, erik_orc_3, portal_ice_cave_rime, uniq_erolcha
D:13:     layout_basic, david_vaults_2
D:14:     layout_long_grid, nicolae_elyvilon_temple_path
D:15:     hangedman_depths_entry_try_elsewhere_first, layout_basic,
          hangedman_abyss_or_decor_lesser_grid, serial_shops,
          nicolae_shop_stone, nicolae_wu_jian_wuxing_cycle, uniq_kirke
Lair:1:   layout_regular_city, gauntlet_entry_generic, grunt_megastairs_3
Lair:2:   layout_chaotic_city, minmay_snake_entry_six_corridors,
          infiniplex_staircase_pool
Lair:3:   gammafunk_worm_tunnel, layout_hall_layers, minmay_shoals_entry_beasts,
          lemuel_fruit_tree
Lair:4:   layout_gridlike, slime_entry_1, lemuel_fruit_fields
Lair:5:   hangedman_lair_tendril_chambers, layout_regular_city,
          hangedman_lair_caniforms_friends
Shoals:1: layout_shoals, gammafunk_ghost_cemetery, nicolae_shoals_loop_pool,
          uniq_nikola
Shoals:2: layout_shoals, serial_shops, nicolae_shop_statue_plus,
          nicolae_splish_splash
Orc:1:    layout_diamond_mine, serial_shops, nicolae_shop_stone, rock_pile
Orc:2:    st_orc_open, layout_diamond_mine, nicolae_orc_rich_vein, uniq_urug

Skill      XL: |  1  2  3  4  5  6  7  8  9 10 11 12 13 14 15 16 |
---------------+-------------------------------------------------+-----
Axes           | 3 4 5 6 7 8 10 12 15 16 18 | 18.0
Dodging        | 1 2 3 4 5 6 7 |  7.0
Throwing       | 1 2 5 6 9 |  9.4
Fighting       | 4 6 8 9 11 13 15 17 | 17.2
Armour         | 4 5 6 10 12 15 18 20 | 20.0
Shields        | 4 5 6 7 8 10 | 10.7

Action                   |  1- 3 |  4- 6 |  7- 9 | 10-12 | 13-15 | 16-18 || total
-------------------------+-------+-------+-------+-------+-------+-------++-------
Melee: War axe           |    58 |   178 |   214 |   286 |       |       ||   736
       Headbutt          |     6 |    18 |    41 |    80 |   114 |    18 ||   277
       Broad axe         |       |       |       |    91 |   649 |   107 ||   847
Throw: Javelin           |    15 |    16 |     1 |    17 |    36 |     6 ||    91
       Boomerang         |       |     8 |    36 |    63 |   225 |       ||   332
  Use: Scroll            |     1 |     7 |     5 |    11 |     6 |     1 ||    31
       Potion            |       |     1 |     3 |       |     5 |       ||     9
 Stab: Distracted        |       |       |       |       |     3 |     1 ||     4
Armor: Scale mail        |    24 |    59 |       |       |       |       ||    83
       Chain mail        |       |     6 |   107 |    73 |       |       ||   186
       Skin              |       |       |       |     5 |       |       ||     5
       Storm dragon scal |       |       |       |    34 |       |       ||    34
       Crystal plate arm |       |       |       |    52 |   355 |    60 ||   467
Dodge: Dodged            |    17 |    75 |    71 |    98 |   229 |    28 ||   518
Block: Buckler           |    15 |    28 |    51 |    69 |   128 |    14 ||   305

Table legend:
 A = Non-vault XP
 B = Vault XP
 C = Vault XP percentage of total XP
 D = Non-vault monster count
 E = Vault monster count
 F = Vault count percentage of total count
                 A         B        C        D         E       F
            +---------+---------+-------+---------+---------+-------
      Total |  110156 |   64858 |  37.1 |     576 |     209 |  26.6
            +---------+---------+-------+---------+---------+-------
        D:1 |      52 |       0 |   0.0 |      29 |       0 |   0.0
        D:2 |     131 |       0 |   0.0 |      17 |       0 |   0.0
        D:3 |     125 |      71 |  36.2 |      25 |       2 |   7.4
        D:4 |     345 |       0 |   0.0 |      29 |       0 |   0.0
        D:5 |     792 |       0 |   0.0 |      23 |       0 |   0.0
        D:6 |     695 |     676 |  49.3 |      12 |       4 |  25.0
        D:7 |    2171 |       0 |   0.0 |      26 |       0 |   0.0
        D:8 |    2923 |    2161 |  42.5 |      38 |       2 |   5.0
        D:9 |    4222 |     367 |   8.0 |      32 |       1 |   3.0
       D:10 |    3513 |    3210 |  47.7 |      17 |       6 |  26.1
       D:11 |    4443 |       0 |   0.0 |      25 |       0 |   0.0
       D:12 |    5728 |    2064 |  26.5 |      13 |      17 |  56.7
       D:13 |    4394 |    1070 |  19.6 |      22 |       3 |  12.0
       D:14 |    7108 |       0 |   0.0 |      22 |       0 |   0.0
       D:15 |   13405 |    3405 |  20.3 |      23 |       6 |  20.7
     Lair:1 |    4084 |     131 |   3.1 |      14 |       1 |   6.7
     Lair:2 |    5105 |    3337 |  39.5 |      18 |      14 |  43.8
     Lair:3 |    5274 |     841 |  13.8 |      21 |       2 |   8.7
     Lair:4 |    7132 |       0 |   0.0 |      28 |       0 |   0.0
     Lair:5 |   15060 |   21176 |  58.4 |      42 |      93 |  68.9
   Shoals:1 |   15540 |    2409 |  13.4 |      32 |       1 |   3.0
   Shoals:2 |    3597 |    2984 |  45.3 |       7 |       5 |  41.7
      Orc:1 |    1160 |     880 |  43.1 |      23 |       4 |  14.8
      Orc:2 |    3157 |   15613 |  83.2 |      38 |      38 |  50.0
   Gauntlet |       0 |    4463 | 100.0 |       0 |      10 | 100.0
            +---------+---------+-------+---------+---------+-------
